 Dungeon Crawl Stone Soup version 0.18.1-50-g88ac8fd (webtiles) character file.

275 sleepydude the Skirmisher (level 6, -1/48 HPs)
             Began as a Demonspawn Berserker on Oct 15, 2016.
             Was a Believer of Trog.
             Slain by a hobgoblin
             ... wielding a +0 quarterstaff
              (6 damage)
             ... on level 2 of the Dungeon.
             The game lasted 00:04:51 (2026 turns).

sleepydude the Skirmisher (Demonspawn Berserker)    Turns: 2026, Time: 00:04:52

Health: -1/48      AC: 13    Str: 19    XL:     6   Next: 3%
Magic:  6/6        EV:  3    Int:  8    God:    Trog [**....]
Gold:   140        SH:  0    Dex: 13    Spells: 0 memorised, 5 levels left

rFire  + . .     SeeInvis .       - Unarmed
rCold  + . .     Gourm    .     e - +0 gold dragon armour (curse)
rNeg   . . .     Faith    .     (no shield)
rPois  +         Spirit   .     (helmet restricted)
rElec  .         Dismiss  .     (no cloak)
rCorr  .         Reflect  .     (no gloves)
SustAt .         Harm     .     (no boots)
MR     +....     Clarity  +     (no amulet)
Stlth  ..........               (no ring)
                                (no ring)

@: exhausted, somewhat resistant to hostile enchantments, extremely unstealthy
A: claws 1, horns 1, talons 2, clarity, magic resistance 1
a: Berserk, Trog's Hand, Burn Spellbooks, Renounce Religion


You were on level 2 of the Dungeon.
You worshipped Trog.
Trog was pleased with you.
You were hungry.

You visited 1 branch of the dungeon, and saw 3 of its levels.

You collected 140 gold pieces.

Inventory:

Armour
 b - a +0 animal skin
 e - a cursed +0 gold dragon armour (worn)
Scrolls
 d - a scroll of remove curse {unknown}
 h - a scroll of blinking {unknown}
 j - a scroll of fog {unknown}
 l - 2 scrolls of teleportation {unknown}
 n - a scroll of noise {unknown}
 o - a scroll of random uselessness {unknown}
 r - 2 scrolls of fear {unknown}
Potions
 m - a potion of beneficial mutation
Comestibles
 c - 2 bread rations
 f - 2 beef jerkies
 g - a meat ration
 i - 2 fruits


   Skills:
 + Level 4.1 Fighting
   Level 3.5 Axes
 + Level 2.9 Armour
 + Level 2.8 Dodging
 * Level 2.4 Unarmed Combat


You had 5 spell levels left.
You didn't know any spells.

Dungeon Overview and Level Annotations

Branches:
Dungeon (3/15)

Altars:
Gozag
The Shining One


Innate Abilities, Weirdness & Mutations

You have sharp fingernails.
You have a pair of small horns on your head.
You have razor-sharp toenails.
You possess an exceptional clarity of mind.
You are resistant to hostile enchantments.


Message History

You feel magically purged.
You feel yourself slow down. The adder bites you but does no damage.
The hobgoblin hits you but does no damage.
Drink which item? (? for menu, Esc to quit)
It was a potion of magic.
Magic courses through your body. The adder bites you but does no damage.
The hobgoblin hits you but does no damage.
You closely miss the adder. You headbutt the adder.
You kill the adder!
Trog accepts your kill.
You scratch the hobgoblin. Your headbutt misses the hobgoblin.
The hobgoblin is moderately wounded.
The hobgoblin hits you with a quarterstaff.
* * * LOW HITPOINT WARNING * * *
You scratch the hobgoblin but do no damage.
You claw the hobgoblin, but do no damage.
The hobgoblin is moderately wounded.
The hobgoblin hits you with a quarterstaff.
You die...

.##.# ##.########...(#
.##.########...###.....#..#######
.##.#...........##.###........†..
.##.#.######...###.# ##.#########
.##.#.# ##.####.####.## ......#
#............# ###.###
#..###.####..# #.#
######..###.####..#
#.####.......g@........#
#......#####.#########.# ########
#.# #.# #.#########.#
#...........# #############


You could see a hobgoblin.

Vanquished Creatures
  Sigmund (D:3)
  Terence (D:3)
  4 adders
  A giant gecko (D:1)
  2 orcs (D:3)
  2 ball pythons (D:2)
  6 giant cockroaches
  3 goblins
  5 hobgoblins
  5 jackals
  5 kobolds
  5 bats
  4 giant newts
  8 rats
52 creatures vanquished.

Notes
Turn   | Place    | Note
--------------------------------------------------------------
     0 | D:1      | sleepydude the Demonspawn Berserker began the quest for the Orb.
     0 | D:1      | Reached XP level 1. HP: 18/18 MP: 1/1
   394 | D:1      | Gained mutation: You have a pair of small horns on your head. [demonic ancestry]
   394 | D:1      | Reached XP level 2. HP: 24/24 MP: 2/2
   751 | D:1      | Found a glowing golden altar of the Shining One.
   862 | D:2      | Reached XP level 3. HP: 29/29 MP: 3/3
   871 | D:2      | Reached ** piety under Trog
   951 | D:2      | Found an opulent altar of Gozag.
  1643 | D:3      | Gained mutation: You have sharp fingernails. [demonic ancestry]
  1643 | D:3      | Reached XP level 4. HP: 35/35 MP: 4/4
  1705 | D:3      | Noticed Terence
  1723 | D:3      | Killed Terence
  1893 | D:3      | Reached skill level 1 in Unarmed Combat
  1978 | D:3      | Noticed Sigmund
  1989 | D:3      | Killed Sigmund
  1989 | D:3      | Reached skill level 4 in Fighting
  1989 | D:3      | Gained mutation: You have sharp toenails. [demonic ancestry]
  1989 | D:3      | Reached XP level 5. HP: 42/42 MP: 5/5
  1989 | D:3      | Gained mutation: You have razor-sharp toenails. [demonic ancestry]
  1989 | D:3      | Reached XP level 6. HP: 48/48 MP: 6/6
  2020 | D:2      | Gained mutation: You are resistant to hostile enchantments. [potion of beneficial mutation]
  2021 | D:2      | Gained mutation: You are weak. (Str -2) [potion of mutation]
  2021 | D:2      | Lost mutation: You are weak. (Str -2) [potion of mutation]
  2021 | D:2      | Gained mutation: You possess an exceptional clarity of mind. [potion of mutation]
  2026 | D:2      | Slain by a hobgoblin

Skill      XL: |  1  2  3  4 |
---------------+-------------+-----
Dodging        | 2 |  2.8
Axes           | 3 |  3.5
Armour         | 2 |  2.9
Unarmed Combat | 2 |  2.4
Fighting       | 4 |  4.1

Action                   |  1- 3 |  4- 6 || total
-------------------------+-------+-------++-------
Melee: Hand axe          |   146 |    26 ||   172
       Headbutt          |    14 |     8 ||    22
       Unarmed           |       |    20 ||    20
       Kick              |       |     2 ||     2
Invok: Berserk           |       |     1 ||     1
  Use: Potion            |       |     6 ||     6
  Eat: Chunk             |     2 |     1 ||     3
       Fruit             |       |     1 ||     1
Armor: Gold dragon armou |   123 |    65 ||   188
       Animal skin       |     4 |       ||     4
Dodge: Dodged            |    28 |    12 ||    40
